 Dungeon Crawl Stone Soup version 0.18-a0-29-gce27f3c (webtiles) character file.

823 braksdos the Chiller (level 7, -4/54 HPs)
             Began as a Mummy Ice Elementalist on Nov 5, 2015.
             Slain by a gnoll
             ... wielding a +0 spear
              (5 damage)
             ... on level 5 of the Dungeon.
             The game lasted 00:38:07 (8863 turns).

braksdos the Chiller (Mummy Ice Elementalist)       Turns: 8863, Time: 00:38:07

Health: -4/54      AC:  4    Str: 12      XL:     7   Next: 63%
Magic:  4/10       EV: 14    Int: 16      God:
Gold:   237        SH:  0    Dex: 10 (12) Spells: 3 memorised, 4 levels left

rFire  x . .     SeeInvis .     m - +0 halberd
rCold  + . .     Clarity  .     c - +0 robe
rNeg   + + +     SustAt   .     (shield currently unavailable)
rPois  ∞         Gourm    .     o - +0 helmet
rElec  .         Spirit   .     g - +0 cloak
rCorr  .         Warding  .     (no gloves)
rMut   .         Stasis   .     (no boots)
MR     .....                    (no amulet)
Stlth  ++........               (no ring)
                                a - +2 ring of evasion

@: very slightly contaminated, not resistant to hostile enchantments, unstealthy
A: no food or potions, fire vulnerability, cold resistance 1, negative energy
resistance 3, torment resistance, unbreathing
a: no special abilities


You were on level 5 of the Dungeon.
You were not hungry.

You visited 1 branch of the dungeon, and saw 5 of its levels.

You collected 237 gold pieces.

Inventory:

Hand Weapons
 l - a +0 spear
 m - a +0 halberd (weapon)
Missiles
 h - 137 stones (quivered)
 i - 24 arrows
Armour
 c - a +0 robe (worn)
 g - a +0 cloak (worn)
 o - a +0 helmet (worn)
Jewellery
 a - a +2 ring of evasion (left hand)
Wands
 d - a wand of lightning (0)
 e - a wand of enslavement (22)
 f - a wand of digging (8)
 j - a wand of lightning (0)
Scrolls
 n - a scroll of immolation
Books
 b - a book of Frost

   Spells                             Type                      Level
   a - Freeze                         Ice                          1
   b - Throw Frost                    Conjuration/Ice              2
   c - Ozocubu's Armour               Charms/Ice                   3
   d - Throw Icicle                   Conjuration/Ice              4
   e - Summon Ice Beast               Ice/Summoning                4
   f - Condensation Shield            Ice                          4


   Skills:
 - Level 4.1 Fighting
 - Level 1.5 Dodging
 - Level 1.5 Stealth
 - Level 2.0 Spellcasting
 + Level 3.6 Conjurations
 + Level 5.4 Ice Magic


You had 4 spell levels left.
You knew the following spells:

 Your Spells              Type           Power        Failure   Level  Hunger
a - Freeze                Ice            ###.         2%          1    N/A
b - Ozocubu's Armour      Chrm/Ice       ##......     21%         3    N/A
c - Throw Frost           Conj/Ice       ###...       6%          2    N/A

Dungeon Overview and Level Annotations

Branches:
Dungeon (5/15)
 Temple: D:4-7

Altars:
Dithmenos
Elyvilon
Fedhas
Nemelex Xobeh
Qazlal
Yredelemnul

Annotations:
D:3 emiel's ghost, amateur DrGl


Innate Abilities, Weirdness & Mutations

You do not eat or drink.
Your flesh is vulnerable to fire.
You are immune to poison.
Your flesh is cold resistant.
You are immune to negative energy.
You are immune to unholy pain and torment.
You can survive without breathing.


Message History

* * * LOW HITPOINT WARNING * * *
The gnoll barely misses you. x2
You slash the gnoll!
The gnoll is almost dead.
The gnoll hits you but does no damage.
The giant cockroach bites you but does no damage.
The gnoll hits you but does no damage. The gnoll hits you with a spear.
* * * LOW HITPOINT WARNING * * *
The gnoll hits you but does no damage.
The giant cockroach completely misses you.
You barely miss the gnoll.
The gnoll is almost dead.
The gnoll hits you from afar with a spear.
* * * LOW HITPOINT WARNING * * *
The gnoll barely misses you. The gnoll shaman closely misses you.
The gnoll hits you with a spear.
* * * LOW HITPOINT WARNING * * *
The giant cockroach misses you.
The gnoll hits you from afar with a spear.
You die...

#....≈≈≈≈≈≈≈ #....≈≈#
#....≈≈# #....≈≈#
#....≈≈###+# #....≈≈≈.#.#
##### #....≈≈≈.#.# ......
#....≈≈≈.#g######......
#....≈≈≈.#@gggg.'......
#.P..≈≈≈.#gsgg..'......
#....≈≈≈.#g############
#..).≈≈≈.#g# #....≈≈≈.#.#
.. #....≈≈###'# ...
#...P≈≈#...#############'''
#....≈≈#...#...............
#....≈≈#####≈≈≈≈≈≈≈≈≈≈≈≈...


You could see a gnoll shaman, 9 gnolls and a giant cockroach.

Vanquished Creatures
  2 ogres
  Blork the orc (D:5)
  A scorpion (D:5)
  A hound (D:5)
  A crimson imp (D:5)
  4 worker ants
  A worker ant zombie (D:5)
  Robin (D:2)
  13 adders
  10 gnolls (D:5)
  3 worms
  2 orcs
  5 bats
  3 giant cockroaches
  10 goblins (D:2)
  9 hobgoblins
  15 jackals
  2 quokkas
  6 giant newts
  A jackal skeleton (D:5)
  4 kobolds
  4 rats (D:2)
99 creatures vanquished.

Vanquished Creatures (collateral kills)
  A gnoll shaman (D:5)
  A hound (D:4)
2 creatures vanquished.

Vanquished Creatures (others)
  A gnoll (D:5)
1 creature vanquished.

Grand Total: 102 creatures vanquished

Notes
Turn   | Place    | Note
--------------------------------------------------------------
     0 | D:1      | braksdos the Mummy Ice Elementalist began the quest for the Orb.
     0 | D:1      | Reached XP level 1. HP: 13/13 MP: 3/3
   298 | D:1      | Reached skill level 1 in Fighting
   937 | D:2      | Reached XP level 2. HP: 9/22 MP: 0/5
  1125 | D:2      | Learned a level 2 spell: Throw Frost
  1816 | D:2      | Reached XP level 3. HP: 25/28 MP: 0/6
  2063 | D:2      | Reached skill level 3 in Fighting
  2864 | D:2      | Learned a level 3 spell: Ozocubu's Armour
  3062 | D:2      | Noticed Robin
  3090 | D:2      | Killed Robin
  3090 | D:2      | Reached XP level 4. HP: 30/35 MP: 1/7
  4332 | D:3      | Found a blossoming altar of Fedhas.
  4681 | D:3      | Reached XP level 5. HP: 42/42 MP: 6/8
  4837 | D:3      | Noticed emiel's ghost (amateur DrGl)
  5269 | D:4      | Noticed an ogre
  5307 | D:4      | Reached skill level 4 in Fighting
  5465 | D:4      | Found a basalt altar of Yredelemnul.
  5516 | D:4      | Found a stormy altar of Qazlal.
  6030 | D:4      | Reached skill level 1 in Conjurations
  6502 | D:4      | Killed an ogre
  6502 | D:4      | Reached XP level 6. HP: 18/48 MP: 1/9
  6779 | D:5      | Entered Level 5 of the Dungeon
  7128 | D:5      | Noticed Blork the orc
  7147 | D:5      | Found a shadowy altar of Dithmenos.
  7407 | D:5      | Found a sparkling altar of Nemelex Xobeh.
  7421 | D:5      | Found a white marble altar of Elyvilon.
  7878 | D:5      | Killed Blork the orc
  7878 | D:5      | Reached XP level 7. HP: 38/54 MP: 1/10
  8230 | D:5      | Reached skill level 5 in Ice Magic
  8863 | D:5      | HP: 1/54 [gnoll/spear (3)]
  8863 | D:5      | Slain by a gnoll

Vault maps used:
D:1:      evilmike_arrival_plus
D:2:      first_bread, uniq_robin
D:3:      fedhas_altar_fruit_tree, minmay_item_behind_shaft
D:4:      yredelemnul_altar_generic, nicolae_overflow_crystal_walls
D:5:      lemuel_castle_with_subvaults, hangedman_feature_mirror,
          nemelex_lonely_heart_becter, uniq_blork_the_orc

Action                   |  1- 3 |  4- 6 |  7- 9 || total
-------------------------+-------+-------+-------++-------
Melee: Unarmed           |    33 |       |       ||    33
       Spear             |    31 |   184 |    48 ||   263
       Club              |     2 |       |       ||     2
       Halberd           |       |       |     4 ||     4
Throw: Stone             |     1 |     8 |     1 ||    10
 Cast: Freeze            |    44 |    51 |    16 ||   111
       Throw Frost       |    15 |    29 |    15 ||    59
       Ozocubu's Armour  |     1 |    10 |     1 ||    12
Evoke: Wand              |       |     3 |     5 ||     8
  Use: Scroll            |       |    12 |     2 ||    14
 Stab: Sleeping          |       |     1 |       ||     1
